 Seeded DCSS version 0.30-a0-739-gea05faddec (webtiles) character file.

Game seed: 4218672823355768592 (custom seed)

168 timneilson the Covered (level 5, -2/33 HPs)
             Began as a Gargoyle Fighter on Feb 5, 2023.
             Slain by a wight
             ... wielding a +4 great sword of freezing
              (17 damage)
             ... on level 4 of the Dungeon.
             The game lasted 00:02:45 (2464 turns).

timneilson the Covered (Gargoyle Fighter)           Turns: 2464, Time: 00:02:46

Health: -2/33      AC: 11    Str: 20    XL:     5   Next: 49%
Magic:  5/5        EV:  8    Int:  8    God:
Gold:   161        SH:  8    Dex: 11    Spells: 4/4 levels left

rFire   . . .      SeeInvis .    a - +0 long sword
rCold   . . .      Faith    .    g - +0 kite shield {reflect}
rNeg    + . .      Spirit   .    b - +0 scale mail
rPois   ∞          Reflect  +    (no helmet)
rElec   +          Harm     .    (no cloak)
rCorr   .          Rampage  .    (no gloves)
Will    .....                    (no boots) Stlth
                                 h - amulet of the acrobat
HPRegen 0.25/turn                (no ring)
MPRegen 0.09/turn                (no ring)

@: no status effects
A: sickness immunity, AC +4, negative energy resistance 1, electricity
resistance, torment resistance 1, petrification resistance
a: no special abilities


You were on level 4 of the Dungeon.
You visited 1 branch of the dungeon, and saw 4 of its levels.

You collected 161 gold pieces.

Inventory:

Hand Weapons
 a - a +0 long sword (weapon)
Armour
 b - a +0 scale mail (worn)
 g - a +0 kite shield of reflection (worn)
Jewellery
 h - an amulet of the acrobat (around neck)
Wands
 m - a wand of flame (20)
Scrolls
 f - 3 scrolls of fear
 n - 3 scrolls of teleportation
Potions
 d - a potion of might
 e - a potion of brilliance
 i - a potion of berserk rage {unknown}
 j - 4 potions of curing {unknown}
 k - a potion of mutation {unknown}
 l - a potion of haste {unknown}
 p - a potion of lignification {unknown}


   Skills:
 + Level 3.8 Fighting
 * Level 3.0 Long Blades
 * Level 4.3 Armour
 + Level 1.0 Dodging
 * Level 4.3 Shields


You had 4 spell levels left.
You didn't know any spells.
Your spell library contained the following spells:

 Spells                   Type           Power      Damage    Failure   Level
 Wereblood                Tmut           0%         N/A       99%         2
 Ozocubu's Armour         Ice            0%         N/A       100%        3
 Metabolic Englaciation   Hex/Ice        0%         N/A       100%        5
 Simulacrum               Ice/Necr       0%         N/A       100%        6
 Summon Hydra             Summ           0%         N/A       100%        7
 Sublimation of Blood     Necr           Unusable   N/A       N/A         2

Dungeon Overview and Level Annotations

Branches:
Dungeon (4/15)
 Temple: D:4-7

Altars:


Innate Abilities, Weirdness & Mutations

You are immune to sickness and miasma.
Your stone body is resilient. (AC +4)
You are immune to poison.
You resist negative energy. (rN+)
You are resistant to electric shocks. (rElec)
You are resistant to unholy torment.
You are immune to petrification.


Message History

The scorpion stings you but does no damage.
You hit the scorpion.
The scorpion is heavily wounded.
The scorpion stings you. x2
You hit the scorpion but do no damage.
The scorpion is heavily wounded.
The scorpion stings you but does no damage. x2
You slash the scorpion!
The scorpion is almost dead.
You block the scorpion's attack.
You closely miss the scorpion.
The scorpion is almost dead.
The scorpion barely misses you. The scorpion closely misses you.
You hit the scorpion.
You kill the scorpion!
Your Long Blades skill increases to level 3!
Your Dodging skill increases to level 1!
You have reached level 5!
You see here a scorpion corpse.
j - 4 dark potions (gained 1) HP restored.
Found a stone staircase leading down.
You pick up a book of Blood and begin reading...
You add the spells Wereblood and Summon Hydra to your library.
You now have 161 gold pieces (gained 12).
Found 9 stones.
You see here 9 stones. 2 wights come into view.
A wight is wielding a +4 great sword of freezing.
You closely miss the wight. You block the wight's attack.
You hit the wight.
The wight is lightly damaged.
The wight hits you with a +4 great sword of freezing!
The wight freezes you.
You barely miss the wight.
The wight is lightly damaged.
The wight closely misses you.
The wight hits you with a +4 great sword of freezing!
Ouch! That really hurt!
You die...

#.# #.#
##.# #..#
#.## #.#
#.#
#.#####.#
#...zz@.#
#..######


You could see 2 wights.

Vanquished Creatures
  A scorpion (D:4)
  An orc wizard (D:3)
  2 adders
  4 orcs (D:3)
  3 ball pythons
  3 bats
  6 endoplasms
  3 giant cockroaches (D:1)
  8 goblins
  6 hobgoblins
  3 jackals (D:1)
  3 kobolds
  2 quokkas
  3 frilled lizards
  5 rats
53 creatures vanquished.

Notes
Turn   | Place    | Note
-------+----------+-------------------------------------------
     0 | D:1      | timneilson the Gargoyle Fighter began the quest for the
                  | Orb.
     0 | D:1      | Reached XP level 1. HP: 14/14 MP: 1/1
   188 | D:1      | Reached XP level 2. HP: 16/19 MP: 2/2
   449 | D:1      | Reached XP level 3. HP: 23/23 MP: 3/3
  1311 | D:2      | Reached XP level 4. HP: 26/28 MP: 4/4
  1625 | D:2      | Identified a scroll of acquirement
  1625 | D:2      | Acquired a +0 kite shield of reflection
  2354 | D:4      | Noticed a scorpion
  2366 | D:4      | Killed a scorpion
  2367 | D:4      | Reached skill level 1 in Dodging
  2367 | D:4      | Reached XP level 5. HP: 26/33 MP: 5/5
  2464 | D:4      | Slain by a wight

Illustrated notes

Levels and vault maps discovered:
D:1:      dpeg_arrival_more_subterranean_lakeside_camping, layout_basic,
          serial_curves, eino_curves_01, eino_curves_02
D:2:      layout_basic
D:3:      layout_basic, hex_medium
D:4:      layout_loops_ring, nicolae_overflow_hidden_temple

Skill      XL: |  1  2  3  4 |
---------------+-------------+-----
Long Blades    | 2 3 |  3.0
Armour         | 4 |  4.3
Shields        | 4 |  4.3
Dodging        | 1 |  1.0
Fighting       | |  3.8

Action                     |  1- 3 |  4- 6 || total
---------------------------+-------+-------++-------
  Melee: Long sword        |   110 |    62 ||   172
    Use: Scroll            |     4 |     7 ||    11
 Armour: Scale mail        |    41 |    29 ||    70
  Dodge: Dodged            |    61 |    20 ||    81
  Block: Buckler           |    22 |       ||    22
         Kite shield       |       |    25 ||    25

Table legend: (Time is in decaauts)
 A = Elapsed time spent in this place.
 B = Non-inter-level travel time spent in this place.
 C = Inter-level travel time spent in this place.
 D = Time resting spent in this place.
 E = Time spent auto-exploring this place.
 F = Levels seen in this place.
 G = Mean time per level.
                   A        B        C        D        E       F      G
               +--------+--------+--------+--------+--------+-----+--------+
         Total |   2527 |   2479 |     48 |     11 |   1999 |   4 |  631.8 |
       Dungeon |   2527 |   2479 |     48 |     11 |   1999 |   4 |  631.8 |
               +--------+--------+--------+--------+--------+-----+--------+

Top non-repeatable levels by time:
     D:2: 954 daAuts
     D:1: 746 daAuts
     D:3: 692 daAuts
     D:4: 133 daAuts
